 Dungeon Crawl Stone Soup version 0.31.0-32-g396128a36d (webtiles) character file.

Game seed: 17793945947292882396

1269705 Anone the Bringer of Life (level 27, 155/155 HPs)
             Began as a Human Alchemist on Mar 9, 2024.
             Was the Champion of Elyvilon.
             Escaped with the Orb
             ... and 3 runes on Apr 5, 2024!
             The game lasted 05:06:46 (131925 turns).

Anone the Bringer of Life (Human Alchemist)       Turns: 131925, Time: 05:06:46

Health: 155/155    AC: 32    Str:  9    XL:     27
Magic:  46/46      EV: 15    Int: 41    God:    Elyvilon [******]
Gold:   792        SH: 27    Dex: 25    Spells: 3/54 levels left

rFire   + . .        d - staff of Propriety {rElec rPois rC+ Will+ Air}
rCold   + . .        q - +5 kite shield {AC+3}
rNeg    . . .        l - +5 moon troll leather armour {Spirit, Regen++ MP+5}
rPois   +            i - +2 helmet {Int+3}
rElec   +            J - +2 cloak {Will+}
rCorr   .            o - +2 pair of gloves {Dex+3}
SInv    .            E - +2 pair of boots {Stlth+}
Will    ++++.        L - amulet "Uwka" {Reflect Int+3 Dex+6 SH+5}
Stlth   ++           e - ring of the Tortoise {AC+8}
HPRegen 2.05/turn    C - ring "Higgol" {rF+ Int+6}
MPRegen 0.30/turn

%: random rage (3%), reflection, guardian spirit
@: hasted, very quick
A: explore regen, berserk 1, clever 1, frail 1, screaming 1, persistent drain
0: Orb of Zot
}: 3/15 runes: serpentine, barnacled, abyssal
a: Renounce Religion, Purification, Heal Other, Heal Self, Divine Vigour


You escaped.
You worshipped Elyvilon.
Elyvilon was exalted by your worship.
You visited 10 branches of the dungeon, and saw 47 of its levels.
You visited the Abyss 7 times.
You also visited: Ice Cave and Desolation.

You collected 7513 gold pieces.
You spent 6721 gold pieces at shops.

Inventory:

Armour
 i - a +2 helmet of intelligence (worn)
 l - the +5 moon troll leather armour (worn) {Spirit, Regen++ MP+5}
   (You bought it in a shop on level 2 of the Orcish Mines)

   MP+5:      It affects your magic capacity (+5).
   Regen++:   It increases your rate of health regeneration.
 o - a +2 pair of gloves of dexterity (worn)
 q - a +5 kite shield of protection (worn)
 E - a +2 pair of boots of stealth (worn)
 J - a +2 cloak of willpower (worn)
Magical Staves
 d - the staff of Propriety (weapon) {rElec rPois rC+ Will+ Air}
   (You found it on level 4 of the Shoals)

   [staff of air]

   Base accuracy: +5 Base damage: 5 Base attack delay: 1.2 This weapon's minimum
   attack delay (0.6) is reached at skill level 12.
   rC+:       It protects you from cold.
   rElec:     It insulates you from electricity.
   rPois:     It protects you from poison Will+: It increases your willpower.
   Air:       It increases the power of your Air spells.
   It falls into the 'Staves' category.
   It is a one-handed weapon.
Jewellery
 b - a ring of wizardry
 e - the ring of the Tortoise (left hand) {AC+8}
   (You took it off a servant of whispers in the Desolation of Salt)

   [ring of protection]

   AC+8:      It affects your AC (+8).
 f - the ring of Yrhof {Ice rPois Str-4 Dex+3 SInv}
   (You took it off Josephina on level 3 of the Realm of Zot)

   [ring of ice]

   Ice:       It enhances your ice magic.
   Str-4:     It affects your strength (-4).
   Dex+3:     It affects your dexterity (+3).
   rF-:       It makes you vulnerable to fire.
   rC+:       It protects you from cold.
   rPois:     It protects you from poison SInv: It lets you see invisible.
 C - the ring "Higgol" (right hand) {rF+ Int+6}
   (You took it off an imperial myrmidon in the Desolation of Salt)

   [ring of protection from fire]

   Int+6:     It affects your intelligence (+6).
   rF+:       It protects you from fire.
 I - the amulet "Goseuma" {RegenMP rC+ Int+2}
   (You found it on level 1 of the Realm of Zot)

   [amulet of magic regeneration]

   RegenMP:   It increases your rate of magic regeneration.
   Int+2:     It affects your intelligence (+2).
   rC+:       It protects you from cold.
 L - the amulet "Uwka" (around neck) {Reflect Int+3 Dex+6 SH+5}
   (You took it off a ragged hierophant in the Desolation of Salt)

   [amulet of reflection]

   Reflect:   It reflects blocked missile attacks.
   Int+3:     It affects your intelligence (+3).
   Dex+6:     It affects your dexterity (+6).
   SH+5:      It affects your SH (+5).
Wands
 a - a wand of polymorph (20)
 k - a wand of roots (9)
 y - a wand of flame (38) (quivered)
 H - a wand of digging (11)
 O - a wand of quicksilver (2)
 T - a wand of mindburst (22)
 X - a wand of charming (36)
Scrolls
 c - 5 scrolls of silence
 h - 4 scrolls of blinking
 j - a scroll of vulnerability
 m - 8 scrolls of teleportation
 s - 4 scrolls of fear
 u - 2 scrolls of amnesia
 w - a scroll of summoning
 F - 6 scrolls of immolation
 M - 7 scrolls of fog
 Z - 4 scrolls of poison
Potions
 g - a potion of resistance
 n - 2 potions of magic
 r - 14 potions of curing
 t - 2 potions of lignification
 v - 4 potions of brilliance
 x - 3 potions of berserk rage
 z - 9 potions of attraction
 A - 3 potions of heal wounds
 B - 4 potions of cancellation
 G - 7 potions of might
 K - 8 potions of enlightenment
 P - 6 potions of haste
 S - 4 potions of invisibility
 Y - 3 potions of mutation
Miscellaneous
 N - a condenser vane
 Q - a phial of floods
 R - a sack of spiders
 U - a phantom mirror
 V - a lightning rod (4/4)


   Skills:
 - Level 5.0 Fighting
 + Level 11.8 Staves
 - Level 4.6 Armour
 - Level 5.8 Dodging
 - Level 5.0 Stealth
 - Level 20.0 Shields
 - Level 14.0 Spellcasting
 + Level 17.0 Conjurations
 * Level 17.1 Summonings
 - Level 6.0 Translocations
 + Level 15.0 Air Magic
 - Level 13.0 Earth Magic
 - Level 11.0 Alchemy
 + Level 21.3 Invocations
 + Level 13.3 Evocations


You had 3 spell levels left.
You knew the following spells:

 Your Spells              Type           Power      Damage    Failure   Level
a - Bombard               Conj/Erth      50%        9d8       1%          6
b - Arcjolt               Conj/Air       63%        1d73      1%          5
c - Stone Arrow           Conj/Erth      100%       3d13      0%          3
d - Olgreb's Toxic Radia  Alch           87%        N/A       1%          4
e - Conjure Ball Lightni  Conj/Air       63%        3x3d23    1%          6
f - Airstrike             Air            61%        2d(9-25)  1%          4
g - Apportation           Tloc           100%       N/A       1%          1
j - Mercury Vapours       Alch/Air       100%       N/A       0%          2
B - Blink                 Tloc           100%       N/A       1%          2
C - Maxwell's Capacitive  Air            61%        ∞         32%         8
M - Mephitic Cloud        Conj/Alch/Air  100%       N/A       1%          3
X - Spellforged Servitor  Conj/Summ      53%        N/A       1%          7

Your spell library contained the following spells:

 Spells                   Type           Power      Damage    Failure   Level
 Sandblast                Erth           100%       2d20      0%          1
 Shock                    Conj/Air       100%       1d9       0%          1
 Sting                    Conj/Alch      100%       1d9       0%          1
 Summon Small Mammal      Summ           100%       N/A       0%          1
 Static Discharge         Conj/Air       100%       3-8/arc   0%          2
 Call Canine Familiar     Summ           100%       N/A       0%          3
 Cigotuvi's Dreadful Rot  Necr/Alch/Air  100%       N/A       1%          2
 Lesser Beckoning         Tloc           100%       N/A       1%          2
 Momentum Strike          Conj/Tloc      100%       3d10      1%          2
 Dazzling Flash           Conj/Hex       100%       N/A       1%          3
 Gell's Gravitas          Tloc           67%        N/A       1%          3
 Hailstorm                Conj/Ice       78%        3d13      1%          3
 Passwall                 Erth           94%        N/A       1%          3
 Summon Ice Beast         Ice/Summ       78%        N/A       1%          3
 Teleport Other           Tloc           67%        N/A       1%          3
 Volatile Blastmotes      Fire/Tloc      100%       2d18      1%          3
 Necrotise                Necr           100%       1d9       2%          1
 Frozen Ramparts          Ice            56%        1d9       7%          3
 Fugue of the Fallen      Necr           28%        N/A       7%          3
 Ozocubu's Armour         Ice            28%        N/A       7%          3
 Tukima's Dance           Hex            28%        N/A       7%          3
 Animate Armour           Summ/Erth      100%       N/A       1%          4
 Brom's Barrelling Bould  Conj/Erth      100%       2d11      1%          4
 Iskenderun's Mystic Bla  Conj/Tloc      89%        2d17      1%          4
 Leda's Liquefaction      Alch/Erth      45%        N/A       1%          4
 Manifold Assault         Tloc           67%        N/A       1%          4
 Martyr's Knell           Necr/Summ      78%        N/A       1%          4
 Passage of Golubria      Tloc           67%        N/A       1%          4
 Summon Blazeheart Golem  Fire/Summ      78%        N/A       1%          4
 Summon Lightning Spire   Summ/Air       100%       N/A       1%          4
 Vhi's Electric Charge    Tloc/Air       100%       N/A       1%          4
 Alistair's Intoxication  Alch           58%        N/A       1%          5
 Fireball                 Conj/Fire      39%        3d16      1%          5
 Freezing Cloud           Conj/Ice/Air   54%        6-21      1%          5
 Iskenderun's Battlesphe  Conj           100%       2d15      1%          5
 Lee's Rapid Deconstruct  Erth           47%        3d22*     1%          5
 Summon Mana Viper        Hex/Summ       78%        N/A       1%          5
 Monstrous Menagerie      Summ           53%        N/A       1%          7
 Orb of Destruction       Conj           53%        9d13      1%          7
 Ignite Poison            Fire/Alch      65%        N/A       2%          4
 Sticky Flame             Fire/Alch      65%        2d11      2%          4
 Silence                  Hex/Air        47%        N/A       3%          5
 Eringya's Noxious Bog    Alch           43%        4d6       3%          6
 Borgnjor's Vile Clutch   Necr/Erth      35%        N/A       4%          5
 Dimensional Bullseye     Hex/Tloc       26%        N/A       7%          4
 Yara's Violent Unravell  Hex/Alch       32%        3d13      7%          5
 Starburst                Conj/Fire      39%        6d11      11%         6
 Dispersal                Tloc           33%        N/A       30%         6
 Lehudib's Crystal Spear  Conj/Erth      50%        10d12     32%         8
 Curse of Agony           Necr           28%        N/A       54%         5
 Chain Lightning          Conj/Air       63%        3d84      97%         9
 Ozocubu's Refrigeration  Ice            14%        4d10      100%        7
 Discord                  Hex            14%        N/A       100%        8
 Ignition                 Fire           14%        3d6       100%        8
 Fire Storm               Conj/Fire      39%        8d10      100%        9
 Shatter                  Erth           47%        3d36*     100%        9


Dungeon Overview and Level Annotations

Branches:
Dungeon (15/15)            Temple (1/1) D:4            Lair (5/5) D:8
 Shoals (4/4) Lair:3        Snake (4/4) Lair:2        Slime (0/5) Lair:4
    Orc (2/2) D:11            Elf (3/3) Orc:2        Vaults (4/5) D:14
  Crypt (0/3) Vaults:2     Depths (4/4) D:15            Zot (5/5) Depths:4
  IceCv (visited)         Desolation (visited)

Altars:
Ashenzari
Cheibriados
Dithmenos
Elyvilon
Fedhas
Gozag
Hepliaklqana
Kikubaaqudgha
Makhleb
Nemelex Xobeh
Okawaru
Qazlal
Ru
Sif Muna
Trog
Uskayaw
Vehumet
Wu Jian
Xom
Yredelemnul
Zin
The Shining One
Jiyva

Shops:
D:6 *   D:14 *   Orc:2 [(([   Elf:1 !(!   Elf:2 ?   Elf:3 (![[   Shoals:1 (**[
Snake:1 =   Snake:3 =   Vaults:2 !   Vaults:3 ?   Vaults:4 *((   Depths:1 ==:
Depths:4 [

Portals:
Hell: Depths:1 Depths:2 Depths:4
Abyss: Depths:1 Depths:4
Pandemonium: Depths:1 Depths:2
Ziggurat: Depths:4

Annotations:
Temple 2 transporters
Snake:1 Aizul
Snake:4 Bai Suzhen
Elf:1 1 runed translucent door
Elf:2 5 runed translucent doors
Zot:4 Vv
Zot:5 1 transporter, exclusion: upstairs


Innate Abilities, Weirdness & Mutations

You regain HP and MP as you explore.
You sometimes lose your temper in combat.
Your mind is acute. (Int +4, Str/Dex -1)
You are frail. (-10% HP)
You occasionally shout uncontrollably at your foes.
Your health recovers twice as slowly from being drained.


Message History

Press: ? - help, Shift-Dir - straight line, f/p - shadow demon
Aim: a shadow demon (severely wounded, ally target, 72% to hit)
The iron shot hits the shadow demon!!!
You kill the shadow demon!
Casting: Bombard (mildly dangerous; 1% risk of failure)
Confirm with . or Enter, or press ? or * to list all spells.
You summon a servant imbued with your destructive magic!
Your spellforged servitor disappears in a puff of smoke!
Casting: Spellforged Servitor (dangerous; 1% risk of failure)
Confirm with . or Enter, or press ? or * to list all spells.
Okay, then.
Unknown command.
You see here a +0 hand axe.
There is a stone staircase leading up here.
You climb upwards.
Your summoned ally is left behind.
There is a stone staircase leading down here.
There is a stone staircase leading up here.
You climb upwards.
There is a stone staircase leading down here.
Things that are here:
a +0 scale mail; a +0 dagger
Things that are here:
a +0 robe; a +0 dagger; a +0 club
Items here: ))) [[[.
You see here a +0 short sword.
You see here a +0 leather armour.
Things that are here:
a +0 ring mail; a +0 hand axe
There is a stone staircase leading up here.
You climb upwards.
There is a stone staircase leading down here.
There is a stone staircase leading up, spattered with blood here.
You climb upwards.
There is a stone staircase leading down here.
You feel yourself speed up.
You see here a +0 whip.
Magic restored.
There is an open door here.
There is a staircase leading out of the dungeon here.
You have escaped!

#..# #.# #.#.........#
#..# #.####.#.#########
#..# #......#.#
#.#################.#
#...................#
#.################### #.#
##.....## #....# #.#
#..###..# #.#..### #.#
#.......# #.@..'.# #.#
##.....## #.#..#.# #.#
###'### #....#.#
#.######.###########.####
#.......................#
#.####.########.#######.#
#.####.#####..#'#..#....#
#.#..#.#.>##.......#....#
#.#..#'#.###...⌠...#....#


There were no monsters in sight!

Vanquished Creatures
  A dread lich (Vaults:4)
  3 ancient liches
  Mara (Elf:3)
  Josephina (Zot:3)
  3 Killer Klowns (Zot:5)
  2 caustic shrikes (Depths:4)
  Vashnia (Snake:2)
  2 curse toes
  Nikola (Vaults:1)
  8 golden dragons
  2 bone dragons
  A hellephant (Depths:2)
  12 tentacled monstrosities
  Jorgrun (Orc:2)
  5 liches
  4 quicksilver dragons
  2 deep elf blademasters (Elf:3)
  12 Orb Guardians
  A walking frostbound tome (Depths:3)
  4 sphinxes
  2 deep elf master archers (Elf:3)
  10 tentacled starspawn
  5 death cobs
  A kraken (Shoals:1)
  2 Executioners
  2 shadow dragons
  7 storm dragons
  13 draconian monks
  4 tengu reavers
  A revenant (Abyss:2)
  6 nagarajas
  2 protean progenitors
  A draconian knight (Zot:1)
  6 fire giants
  2 frost giants
  14 vault wardens
  An iron dragon (Zot:2)
  5 balrugs
  3 draconian scorchers
  3 draconian shifters
  4 imperial myrmidons (Desolation)
  2 cacodemons (Abyss:3)
  6 deep elf elementalists (Elf:3)
  2 deep elf sorcerers (Elf:3)
  An orc warlord (Orc:2)
  2 spriggan defenders (Depths:4)
  A ghoul (Vaults:2)
  A reaper (Depths:1)
  2 draconian stormcallers (Zot:2)
  14 ironbound preservers
  2 draconian annihilators
  2 formless jellyfish
  A juggernaut skeleton (Depths:2)
  8 stone giants
  5 ironbound thunderhulks
  5 deep elf demonologists
  32 very ugly things
  3 vampire knights
  2 deep elf death magi (Elf:3)
  13 dire elephants
  8 red draconians
  9 green draconians
  10 deep elf annihilators
  12 black draconians
  A war gargoyle (Abyss:4)
  8 purple draconians
  5 yellow draconians
  11 white draconians
  Azrael (Orc:2)
  A halazid warlock (Desolation)
  A blizzard demon (Abyss:2)
  A green death (Zot:2)
  An eidolon (Abyss:4)
  8 merfolk javelineers (Shoals:4)
  6 ettins
  6 crystal guardians
  3 entropy weavers
  A deep elf high priest (Elf:3)
  11 yaktaur captains
  9 fire dragons
  8 great orbs of eyes
  15 merfolk impalers
  7 ragged hierophants (Desolation)
  8 servants of whispers (Desolation)
  6 rakshasas
  An entropy weaver (shapeshifter) (D:14)
  Erolcha (Orc:1)
  4 salamander tyrants
  A hydra (Lair:3)
  14 peacekeepers
  6 spriggan air magi
  An alligator (Shoals:3)
  16 ice dragons
  7 ironbound frosthearts
  10 vault guards
  6 merfolk avatars
  Erica (Orc:1)
  2 boulder beetles
  18 anacondas
  2 catoblepae
  The ghost of TerraPolaris the Cleaver, a novice MiFi of Uskayaw (Lair:1)
  3 two-headed ogres
  4 alligator snapping turtles
  17 naga warriors
  3 merfolk aquamancers
  18 centaur warriors
  5 death yaks (IceCv)
  15 dancing weapons
  7 deep troll shamans
  The ghost of community the Fighter, a novice DsHW of Kikubaaqudgha (D:8)
  3 tengu warriors
  9 hell hogs
  A demonic crawler (Abyss:3)
  An occultist (Depths:2)
  6 thrashing horrors
  11 deep troll earth magi
  2 orc high priests
  14 naga sharpshooters
  A titan skeleton (Abyss:2)
  Nergalle (Lair:2)
  13 deep elf knights
  7 shock serpents
  8 sun demons
  2 soul eaters
  11 iron trolls
  5 hell knights
  8 wretched stars
  A death drake (Abyss:4)
  3 salamander mystics
  63 deep trolls
  12 sea snakes
  8 skysharks
  3 skeletal warriors (D:12)
  A flayed ghost (Depths:1)
  2 sixfirhies
  5 glowing orange brains
  A shadow demon (D:5)
  13 mana vipers
  An elf zombie (Vaults:4)
  11 naga ritualists
  An obsidian statue (Zot:5)
  Pikel (D:6)
  7 arcanists
  16 ironbound convokers
  8 deep elf archers
  7 necromancers
  7 harpies
  14 lindwurms
  2 harpies (shapeshifter) (D:14)
  25 deep elf pyromancers
  2 orc knights
  24 deep elf zephyrmancers
  6 cyclopes
  3 fauns (Shoals:3)
  2 orc sorcerers (Orc:2)
  42 ugly things
  A wolf spider (D:15)
  16 manticores
  22 salamanders
  2 ice statues
  Maurice (Orc:2)
  18 moths of wrath
  A worldbinder (Abyss:3)
  2 apocalypse crabs
  11 guardian serpents
  8 elephants
  9 vault sentinels
  11 merfolk sirens
  A molten gargoyle (Desolation)
  10 kobold blastminers
  3 meliai (D:11)
  2 torpor snails
  17 water nymphs
  39 black mambas
  26 naga magi
  An unseen horror (Depths:1)
  4 smoke demons
  6 gargoyles
  A storm dragon simulacrum (Abyss:2)
  10 cane toads
  2 orange demons
  A hellion (Depths:3)
  25 large abominations
  2 efreet
  7 komodo dragons
  39 yaktaurs
  2 kobold demonologists (D:12)
  An ice devil (D:14)
  A golden dragon simulacrum (Zot:4)
  10 rime drakes
  2 tengu conjurers
  8 polar bears
  6 wind drakes
  2 red devils (D:14)
  Prince Ribbit (D:8)
  11 trolls
  32 merfolk
  5 catoblepas skeletons (Abyss:4)
  A hornet (Depths:4)
  82 saltlings (Desolation)
  5 raiju
  A tarantella (shapeshifter) (Depths:4)
  10 dream sheep
  A hellwing (Abyss:2)
  An ettin zombie (Vaults:4)
  7 snapping turtles
  2 draconian simulacra (Zot:4)
  18 blink frogs
  Sigmund (D:6)
  33 slime creatures
  A centaur simulacrum (D:15)
  3 shadows
  A jumping spider (Vaults:3)
  3 spriggans
  4 air elementals
  3 vampires
  4 ynoxinuls
  3 wraiths
  26 water elementals
  81 yaks
  8 wyverns
  7 basilisks
  A human (shapeshifter) (D:15)
  A wyvern (shapeshifter) (D:15)
  3 golden eyes
  3 neqoxecs
  6 fire elementals
  5 wargs
  2 redbacks (Vaults:3)
  2 human zombies (Vaults:4)
  5 chaos spawn
  A glowing shapeshifter zombie (Depths:2)
  51 nagas
  6 acid dragons
  24 water moccasins
  32 orc warriors
  2 hell hounds (Orc:2)
  2 black bears
  2 glowing shapeshifter skeletons
  2 moth of wrath simulacra (Zot:4)
  2 sky beasts
  A swamp drake (Lair:5)
  12 laughing skulls
  12 ogres
  13 wolves
  22 centaurs
  A phantom (D:5)
  3 weeping skulls
  5 kobold brigands
  14 bullfrogs
  8 scorpions
  2 cane toad simulacra (Orc:2)
  4 earth elementals (Abyss:4)
  A gnoll sergeant (D:7)
  29 small abominations
  3 elf skeletons (D:5)
  14 wights
  4 killer bees (D:9)
  4 electric eels
  2 howler monkeys
  Crazy Yiuf (D:2)
  3 quasits
  4 bombardier beetles
  4 gnoll boudas
  19 orc priests
  6 hounds
  2 jellies
  11 iguanas
  5 iron imps
  20 starcursed masses
  2 sleepcaps
  26 orc wizards
  Terence (D:2)
  4 hell rats (Lair:3)
  A troll simulacrum (Orc:2)
  2 polar bear simulacra (Orc:2)
  2 spriggan simulacra (Orc:2)
  A wolf simulacrum (Orc:2)
  Robin (D:2)
  9 adders
  27 gnolls
  7 white imps
  5 ufetubi
  3 dart slugs
  5 ribbon worms
  94 orcs
  3 endoplasms
  9 goblins
  5 hobgoblins
  2 jackals (D:1)
  26 kobolds
  4 quokkas
  7 ball pythons
  7 bats
  7 frilled lizards
  2 orc skeletons (D:5)
  An orc zombie (D:5)
  3 rats
  2 lurking horrors (Abyss:1)
  6 starspawn tentacles
2320 creatures vanquished.

Vanquished Creatures (collateral kills)
  2 orbs of fire
  A golden dragon (Zot:5)
  A bone dragon (Depths:4)
  An electric golem (Zot:5)
  A tentacled monstrosity (Zot:5)
  5 Orb Guardians
  A death cob (Zot:1)
  A storm dragon (Zot:5)
  A cacodemon (Depths:1)
  A red draconian (Zot:5)
  A white draconian (Zot:5)
  2 green deaths
  2 bunyips (Zot:5)
  A peacekeeper (Desolation)
  A deep troll shaman (Depths:2)
  A sixfirhy (Depths:1)
  A moth of wrath (Zot:5)
  2 orange demons
  A golden eye (Abyss:4)
  2 earth elementals (Abyss:4)
  3 ball lightnings
  A boulder (Shoals:1)
33 creatures vanquished.

Vanquished Creatures (others)
  A caustic shrike (Depths:4)
  A titan (Depths:4)
  A deep elf sorcerer (Abyss:3)
  A draconian knight (Depths:4)
  A black draconian (Depths:4)
  A rakshasa (Depths:2)
  A peacekeeper (Desolation)
  A catoblepas (Abyss:4)
  3 anacondas (Snake:3)
  2 naga warriors
  A naga sharpshooter (Snake:1)
  A swamp dragon (Lair:5)
  An arcanist (Vaults:3)
  3 deep elf pyromancers
  A moth of wrath (Zot:5)
  A slime creature (Abyss:3)
  A chaos spawn (Abyss:2)
  A golden eye (Abyss:4)
  3 nagas
  A water moccasin (Lair:2)
  A wight (D:8)
  2 hell rats (Lair:3)
  84 ball lightnings
  2 boulders (Shoals:4)
  3 lurking horrors
  29 starspawn tentacles
  13 tentacles (Shoals:1)
161 creatures vanquished.

Grand Total: 2514 creatures vanquished

Notes
Turn   | Place    | Note
-------+----------+-------------------------------------------
     0 | D:1      | Anone the Human Alchemist began the quest for the Orb.
     0 | D:1      | Reached XP level 1. HP: 13/13 MP: 3/3
   352 | D:1      | Reached XP level 2. HP: 19/19 MP: 0/5
   450 | D:1      | Learned a level 2 spell: Mercury Vapours
  1029 | D:1      | Found a faded altar of an unknown god.
  1033 | D:1      | Reached XP level 3. HP: 21/24 MP: 0/6
  1040 | D:1      | Prayed at the altar of an unknown god.
  1040 | D:1      | Became a worshipper of Elyvilon the Healer
  1040 | D:1      | Reached * piety under Elyvilon
  1544 | D:2      | Reached skill level 1 in Air Magic
  1544 | D:2      | Reached XP level 4. HP: 30/30 MP: 4/7
  1649 | D:2      | Reached ** piety under Elyvilon
  1704 | D:2      | Reached skill level 1 in Invocations
  1759 | D:2      | Noticed Terence
  1974 | D:2      | Killed Terence
  2370 | D:2      | Reached XP level 5. HP: 32/35 MP: 5/9
  3108 | D:2      | Noticed Robin
  3126 | D:2      | Killed Robin
  3317 | D:2      | Found a runed translucent door.
  3318 | D:2      | Noticed Crazy Yiuf
  3341 | D:2      | Killed Crazy Yiuf
  3910 | D:3      | Learned a level 3 spell: Mephitic Cloud
  3954 | D:3      | Reached skill level 1 in Fighting
  4115 | D:3      | Reached skill level 2 in Invocations
  4126 | D:3      | Reached XP level 6. HP: 40/43 MP: 0/10
  4233 | D:3      | Reached *** piety under Elyvilon
  4782 | D:3      | You fall into a shaft and drop 3 floors!
  4789 | D:6      | Noticed a water moccasin
  4791 | D:5      | Entered Level 5 of the Dungeon
  5313 | D:3      | Reached skill level 3 in Invocations
  5688 | D:4      | Reached XP level 7. HP: 39/44 MP: 1/11
  5697 | D:4      | Reached skill level 4 in Invocations
  5817 | D:4      | Learned a level 4 spell: Olgreb's Toxic Radiance
  6051 | D:4      | Reached **** piety under Elyvilon
  6056 | D:4      | Reached skill level 5 in Alchemy
  6536 | D:4      | Found a staircase to the Ecumenical Temple.
  6553 | Temple   | Found a transporter.
  6553 | Temple   | Found a transporter.
  6553 | Temple   | Found a transporter.
  6553 | Temple   | Found a transporter.
  6553 | Temple   | Entered the Ecumenical Temple
  6789 | D:5      | Reached XP level 8. HP: 36/54 MP: 13/13
  6987 | D:5      | Reached skill level 5 in Invocations
  7717 | D:5      | Learned a level 3 spell: Stone Arrow
  7942 | D:5      | Reached skill level 1 in Earth Magic
  8266 | D:6      | Reached skill level 6 in Invocations
  8289 | D:6      | Reached XP level 9. HP: 55/59 MP: 3/15
  8627 | D:6      | Noticed Sigmund
  8638 | D:6      | Killed Sigmund
  8735 | D:6      | Found Hiho Cip's Assorted Antiques.
  8972 | D:6      | Bought a pair of gloves for 121 gold pieces
  9086 | D:6      | Reached skill level 5 in Conjurations
  9104 | D:6      | Reached skill level 7 in Invocations
  9111 | D:6      | Reached skill level 5 in Earth Magic
  9408 | D:6      | Reached ***** piety under Elyvilon
  9503 | D:6      | Noticed Pikel
  9518 | D:6      | Killed Pikel
  9519 | D:6      | Reached XP level 10. HP: 67/67 MP: 1/16
 10808 | D:7      | Found an ancient bone altar of Kikubaaqudgha.
 11910 | D:8      | Noticed a two-headed ogre
 11910 | D:8      | Noticed a two-headed ogre
 11923 | D:8      | Killed a two-headed ogre
 11924 | D:8      | Reached skill level 8 in Invocations
 11924 | D:8      | Killed a two-headed ogre
 12231 | D:8      | Reached skill level 5 in Spellcasting
 12231 | D:8      | Reached XP level 11. HP: 61/72 MP: 10/18
 12495 | D:8      | Found a staircase to the Lair.
 12983 | D:8      | Noticed Prince Ribbit
 12993 | D:8      | Killed Prince Ribbit
 13140 | D:8      | Found a runed translucent door.
 13149 | D:8      | Noticed community's ghost (novice DsHW)
 13153 | D:8      | Identified the +5 spear "Uthrongadeg" {flame, Dex+2 SInv}
 13423 | D:9      | Reached skill level 9 in Invocations
 13828 | D:9      | Found a white marble altar of Elyvilon.
 14144 | D:9      | Found a snail-covered altar of Cheibriados.
 14234 | D:10     | Entered Level 10 of the Dungeon
 14239 | D:10     | Reached ****** piety under Elyvilon
 14599 | D:10     | Reached skill level 1 in Evocations
 14784 | D:10     | Learned a level 5 spell: Lee's Rapid Deconstruction
 15306 | D:10     | Noticed a manticore
 15314 | D:10     | Killed a manticore
 15514 | D:10     | Reached skill level 1 in Armour
 16182 | D:11     | Reached XP level 12. HP: 78/78 MP: 11/20
 16803 | D:11     | Found a staircase to the Orcish Mines.
 17246 | Lair:1   | Entered Level 1 of the Lair of Beasts
 17591 | Lair:1   | Reached skill level 10 in Invocations
 17957 | Lair:1   | Noticed TerraPolaris's ghost (novice MiFi)
 18228 | Lair:1   | Found a runed translucent door.
 18680 | Lair:1   | Reached skill level 10 in Alchemy
 18979 | Lair:2   | Noticed Nergalle
 18995 | Lair:2   | Killed Nergalle
 19293 | Lair:2   | Reached XP level 13. HP: 67/83 MP: 3/22
 20340 | Lair:2   | Found a staircase to the Snake Pit.
 20702 | Lair:2   | Found a glowing golden altar of the Shining One.
 21560 | Lair:3   | Reached skill level 5 in Evocations
 21767 | Lair:3   | Reached skill level 5 in Stealth
 22186 | Lair:3   | Found a staircase to the Shoals.
 23238 | Lair:4   | Reached skill level 11 in Invocations
 23652 | Lair:4   | Reached skill level 5 in Dodging
 24188 | Lair:4   | Reached XP level 14. HP: 76/90 MP: 12/25
 24705 | Lair:4   | Found a viscous altar of Jiyva.
 24705 | Lair:4   | Found a staircase to the Slime Pits.
 24870 | Lair:5   | Entered Level 5 of the Lair of Beasts
 24905 | Lair:5   | Reached skill level 10 in Conjurations
 25417 | Lair:5   | Reached skill level 1 in Shields
 25513 | Lair:5   | Reached skill level 10 in Earth Magic
 26644 | Lair:5   | Reached skill level 1 in Staves
 27283 | Orc:1    | Entered Level 1 of the Orcish Mines
 27285 | Orc:1    | Noticed Erica
 27299 | Orc:1    | Killed Erica
 27317 | Orc:1    | Noticed Erolcha
 27327 | Orc:1    | HP: 2/112 [something (9)]
 27330 | Orc:1    | Killed Erolcha
 27565 | Orc:1    | Reached skill level 5 in Shields
 27748 | Orc:1    | Reached skill level 12 in Invocations
 27984 | Orc:2    | Entered Level 2 of the Orcish Mines
 28012 | Orc:2    | Noticed Maurice
 28026 | Orc:2    | Something stole a ring of flight
 28035 | Orc:2    | Killed Maurice
 28086 | Orc:2    | Found a staircase to the Elven Halls.
 28147 | Orc:2    | Found a frozen archway.
 28158 | IceCv    | Entered an ice cave
 29265 | IceCv    | Reached XP level 15. HP: 68/95 MP: 4/27
 29521 | IceCv    | Noticed a frost giant
 29562 | IceCv    | Killed a frost giant
 30149 | Orc:2    | Reached skill level 13 in Invocations
 30417 | Orc:2    | Found Liogiacw's Antique Armour Emporium.
 30425 | Orc:2    | Bought a smoking robe for 176 gold pieces
 30425 | Orc:2    | Identified the +0 robe of Gozag's Hope {rC+ Will+} (You
                  | bought it in a shop on level 2 of the Orcish Mines)
 30552 | Orc:2    | Noticed Azrael
 30960 | Orc:2    | Killed Azrael
 31145 | Orc:2    | Noticed Jorgrun
 31515 | Orc:2    | Killed Jorgrun
 31995 | Orc:2    | Found Givyrop's Antique Weapon Boutique.
 31997 | Orc:2    | Found Juanamiv's Antique Armour Shop.
 32257 | Orc:2    | Noticed an orc warlord
 32297 | Orc:2    | Killed an orc warlord
 32649 | Orc:2    | Found Yghoi's Antique Weapon Boutique.
 32727 | D:12     | Reached skill level 10 in Shields
 33393 | D:12     | Found a shadowy altar of Dithmenos.
 34901 | D:12     | Reached skill level 14 in Invocations
 36284 | D:14     | Found Ret Cofi's General Store.
 36517 | D:14     | HP: 2/95 [something/ball of steam (29)]
 37371 | D:14     | Reached XP level 16. HP: 101/101 MP: 18/28
 37551 | D:14     | Identified the +4 scale mail of Morality {Will+++ Str-4
                  | Int-3 Stlth+}
 38102 | D:14     | Found a gate to the Vaults.
 38376 | D:15     | Entered Level 15 of the Dungeon
 38418 | D:14     | Elyvilon protects you from harm!
 38611 | Orc:2    | Bought the +5 moon troll leather armour {Spirit, Regen++
                  | MP+5} for 2261 gold pieces
 38611 | Orc:2    | Found the +5 moon troll leather armour {Spirit, Regen++
                  | MP+5}
 40402 | D:15     | Found a staircase to the Depths.
 40950 | Snake:1  | Entered Level 1 of the Snake Pit
 40958 | Snake:1  | Learned a level 6 spell: Bombard
 40964 | Snake:1  | Found Soum's Jewellery Emporium.
 41081 | Snake:1  | Learned a level 1 spell: Apportation
 41544 | Snake:1  | Noticed Rupert
 41553 | Snake:1  | Pacified Rupert
 41594 | Snake:1  | Reached skill level 1 in Translocations
 41737 | Snake:1  | Identified the serpent talisman of Ylaot {MP+9 Str+6 Int-2}
 41737 | Snake:1  | Noticed Aizul
 42234 | Snake:1  | Noticed Agnes
 42235 | Snake:1  | Pacified Agnes
 43454 | Snake:2  | Noticed Vashnia
 43459 | Snake:2  | Reached skill level 15 in Invocations
 44077 | Snake:2  | Killed Vashnia
 45487 | Shoals:1 | Entered Level 1 of the Shoals
 45721 | Shoals:1 | Reached XP level 17. HP: 106/106 MP: 18/29
 45726 | Shoals:1 | Learned a level 4 spell: Brom's Barrelling Boulder
 46100 | Shoals:1 | Found Potanisk's Visitors' Centre.
 46261 | Shoals:1 | Found Potanisk's Merfolk Armours.
 46261 | Shoals:1 | Found Potanisk's Merfolk Magic.
 46479 | Shoals:1 | Noticed a kraken
 46546 | Shoals:1 | Killed a kraken
 46724 | Shoals:1 | Found a runed translucent door.
 47305 | D:8      | Killed community's ghost
 47541 | Lair:1   | Killed TerraPolaris's ghost
 53025 | Shoals:4 | Entered Level 4 of the Shoals
 54238 | Shoals:4 | Reached XP level 18. HP: 78/109 MP: 15/31
 54477 | Shoals:4 | Reached skill level 15 in Shields
 54722 | Shoals:4 | Reached skill level 16 in Invocations
 56444 | Shoals:4 | Got a barnacled rune of Zot
 56446 | Shoals:4 | Got Quren's Precepts of the Tectonic Grave
 56447 | Shoals:4 | Identified the staff of Propriety {rElec rPois rC+ Will+
                  | Air}
 56618 | Shoals:4 | Learned a level 4 spell: Airstrike
 57577 | Shoals:4 | Found a shadowy altar of Dithmenos.
 57824 | Shoals:4 | Paralysed by an air elemental for 1 turns
 57954 | Shoals:4 | Paralysed by an air elemental for 1 turns
 57956 | Shoals:4 | Paralysed by an air elemental for 1 turns
 58046 | Shoals:4 | Reached skill level 5 in Air Magic
 59197 | Shoals:1 | Bought a +2 pair of boots for 313 gold pieces
 63805 | Snake:3  | Reached XP level 19. HP: 121/121 MP: 19/32
 65129 | Snake:3  | Found Pediet's Jewellery Shop.
 65483 | Snake:3  | Reached skill level 17 in Invocations
 65563 | Snake:4  | Entered Level 4 of the Snake Pit
 65654 | Snake:4  | Noticed Bai Suzhen
 70204 | Snake:4  | Reached skill level 10 in Evocations
 70373 | Snake:3  | Reached skill level 10 in Air Magic
 71022 | Snake:4  | Learned a level 7 spell: Spellforged Servitor
 71357 | Snake:4  | Reached skill level 1 in Summonings
 72269 | Snake:4  | Got a serpentine rune of Zot
 72692 | Elf:1    | Entered Level 1 of the Elven Halls
 72692 | Elf:1    | Found a runed translucent gate.
 72692 | Elf:1    | Found a runed translucent gate.
 72692 | Elf:1    | Found a runed translucent gate.
 72692 | Elf:1    | Found a runed translucent gate.
 72692 | Elf:1    | Found a runed translucent gate.
 72692 | Elf:1    | Found a runed translucent gate.
 72699 | Elf:1    | Found a runed translucent door.
 72715 | Elf:1    | Identified the +2 sling of Dawn {freeze, Int+2}
 72843 | Elf:1    | Found a runed translucent door.
 73322 | Elf:1    | Found Uvaliuryna's Distillery.
 73604 | Elf:1    | Reached XP level 20. HP: 112/127 MP: 10/33
 74683 | Elf:1    | Found Woeliv's Distillery.
 74804 | Elf:1    | Got the Folio of the Legion
 74879 | Elf:1    | Found Heemylu's Antique Weapon Emporium.
 75085 | Elf:2    | Found Saram's Magic Scroll Shop.
 75267 | Elf:2    | Identified a scroll of acquirement
 75268 | Elf:2    | Acquired Ciliys's Secrets of Vapour
 76123 | Elf:2    | Found a huge runed translucent gate.
 76123 | Elf:2    | Found a huge runed translucent gate.
 76124 | Elf:2    | Found a huge runed translucent gate.
 76124 | Elf:2    | Found a huge runed translucent gate.
 76125 | Elf:2    | Found a huge runed translucent gate.
 76200 | Elf:2    | Reached skill level 5 in Summonings
 76360 | Elf:2    | Learned a level 2 spell: Blink
 76695 | Elf:3    | Entered Level 3 of the Elven Halls
 76707 | Elf:3    | Found Pebevom's Armour Emporium.
 76710 | Elf:3    | Paralysed by an air elemental for 1 turns
 76715 | Elf:3    | Found Peogituo's Antique Armour Emporium.
 76715 | Elf:3    | Found Yseaty's Weapon Shoppe.
 76718 | Elf:3    | Found Urocluy's Distillery.
 76734 | Elf:3    | Bought a +1 pair of gloves of dexterity for 165 gold pieces
 78497 | Elf:3    | Noticed Mara
 78918 | Elf:3    | Reached skill level 18 in Invocations
 79479 | Elf:3    | Identified the +1 leather armour "Ziremin" {Rampage}
 79769 | Elf:3    | Identified the amulet of Ochas {Acrobat rC+ Str+2 Slay-2}
 79999 | Elf:3    | Reached skill level 10 in Spellcasting
 80089 | Elf:3    | Identified the +2 robe of an ossuary {rElec Str+3 SInv}
 80104 | Elf:3    | Noticed a Brimstone Fiend
 80344 | Elf:3    | Identified the +1 plate armour of Gravitas {Str+4}
 80356 | Elf:3    | Noticed Anone's illusion
 80498 | Elf:3    | Noticed Anone's illusion
 81064 | Elf:3    | Noticed Anone's illusion
 81859 | Snake:3  | Bought a +6 ring of intelligence for 540 gold pieces
 82538 | Elf:3    | Noticed Anone's illusion
 82873 | Elf:3    | Noticed Anone's illusion
 83201 | Elf:3    | Elyvilon protects you from harm!
 83777 | Elf:3    | Noticed Anone's illusion
 83813 | Elf:3    | Killed Mara
 84272 | Vaults:1 | Entered Level 1 of the Vaults
 85226 | Vaults:1 | Reached XP level 21. HP: 121/122 MP: 31/35
 85304 | Vaults:1 | Noticed Nikola
 85338 | Vaults:1 | Killed Nikola
 85930 | Vaults:2 | Found Oluz's Distillery.
 85938 | Vaults:2 | Bought a potion of haste for 110 gold pieces
 86079 | Vaults:2 | Found a crumbling gateway.
 86091 | Vaults:2 | Found a glowing silver altar of Zin.
 86091 | Vaults:2 | Found a glowing golden altar of the Shining One.
 86093 | Vaults:2 | Found a white marble altar of Elyvilon.
 86101 | Desolati | Entered the Desolation of Salt
 86280 | Desolati | Identified the +0 pair of gloves "Ilys" {Harm Fly rCorr
                  | Slay-3}
 86283 | Desolati | Identified the +7 broad axe of Flawed Execution {venom,
                  | Dex+2}
 86287 | Desolati | Got the Spellbook of the Fault
 86561 | Desolati | Reached skill level 5 in Translocations
 87581 | Desolati | Identified the amulet "Cocha" {Acrobat +Inv rC+}
 87987 | Desolati | Identified the +2 halberd of Nunuataq {antimagic, Dex+3}
 88097 | Desolati | Identified the +4 ring mail of Yredelemnul's Pride {Regen+
                  | SInv}
 88115 | Desolati | Identified the amulet "Uwka" {Reflect Int+3 Dex+6 SH+5}
 88386 | Desolati | Got the Tome of the Fifth Circle
 88619 | Desolati | Got Sif Muna's Tractate on Austromancy and Ice
 89179 | Desolati | Identified the +7 war axe "Human's Curse" {heavy, rElec
                  | Str-5 Int+7 Stlth+}
 89312 | Desolati | Identified the ring "Higgol" {rF+ Int+6}
 89316 | Desolati | Identified the +0 ring mail of Afucued {^Contam Rampage
                  | SInv}
 89948 | Desolati | Identified the +0 leather armour "Vamaed" {Int+6}
 90640 | Vaults:2 | Found a staircase to the Crypt.
 91683 | Vaults:2 | Reached XP level 22. HP: 101/138 MP: 2/36
 92841 | Vaults:1 | Reached skill level 5 in Staves
 93196 | Vaults:1 | Reached skill level 10 in Summonings
 94372 | Vaults:3 | Identified the +0 leather armour of Plog {rF- Str+4}
 94990 | Vaults:3 | Reached skill level 19 in Invocations
 95047 | Vaults:3 | Acquired 1075 gold pieces
 95378 | Vaults:3 | Found Tablos's Magic Scroll Emporium.
 95425 | Vaults:3 | Bought a scroll of enchant armour for 150 gold pieces
 96770 | D:14     | Bought a potion of invisibility for 112 gold pieces
 96770 | D:14     | Bought a wand of quicksilver (6) for 352 gold pieces
 96872 | Elf:2    | Bought a scroll of blinking for 127 gold pieces
 96878 | Elf:2    | Learned a level 5 spell: Arcjolt
 96964 | Elf:2    | Bought a scroll of teleportation for 51 gold pieces
 97278 | Vaults:4 | Found Yssuipto's Antique Weapon Shop.
 97701 | Vaults:4 | Reached XP level 23. HP: 145/145 MP: 30/38
 97890 | Vaults:4 | Found Paba's Assorted Antiques.
 97893 | Vaults:4 | Bought a scroll of teleportation for 84 gold pieces
 97930 | Vaults:4 | Noticed a dread lich
 97938 | Vaults:4 | Killed a dread lich
 98410 | Vaults:4 | Found Pame's Antique Weapon Shoppe.
 99764 | Depths:1 | Entered Level 1 of the Depths
101343 | Depths:1 | Found a broken altar of Ashenzari.
102027 | Depths:1 | Found a glowing golden altar of the Shining One.
102036 | Depths:1 | Found a burning altar of Makhleb.
102093 | Depths:1 | Found a one-way gate to the infinite horrors of the Abyss.
102105 | Depths:1 | Reached skill level 5 in Fighting
102285 | Depths:1 | Found Hymy's Jewellery Shop.
102295 | Depths:1 | Learned a level 6 spell: Conjure Ball Lightning
102297 | Depths:1 | Found Duten's Book Emporium.
102298 | Depths:1 | Found Weeppeti's Jewellery Shop.
102343 | Depths:1 | Found a gateway to Hell.
102880 | Depths:1 | Found a one-way gate leading to the halls of Pandemonium.
103890 | Depths:2 | Identified the +0 chain mail "Lumegat" {Will+}
105449 | Depths:2 | Reached skill level 15 in Conjurations
105642 | Depths:2 | Reached XP level 24. HP: 156/156 MP: 37/39
107804 | Depths:3 | Identified the +8 trident of Qerchoel {antimagic, rF++
                  | Dex+3}
108128 | Depths:3 | You fall into a shaft and drop 1 floor!
108128 | Depths:4 | Entered Level 4 of the Depths
108128 | Depths:4 | Noticed a caustic shrike
108139 | Depths:4 | Noticed a caustic shrike
108139 | Depths:4 | Noticed a caustic shrike
108144 | Depths:4 | Killed a caustic shrike
108144 | Depths:4 | Killed a caustic shrike
108147 | Depths:4 | Killed a caustic shrike
108432 | Depths:4 | Found Syt Zair's Antique Armour Emporium.
108462 | Depths:4 | Found a gate to the Realm of Zot.
108905 | Depths:4 | Identified the +8 battleaxe "Kougih" {antimagic, *Corrode
                  | rN+++ Str+5}
109119 | Depths:4 | Reached skill level 20 in Invocations
109792 | Depths:4 | Found a one-way gateway to a ziggurat.
110716 | Depths:4 | Acquired 689 gold pieces
110935 | Vaults:2 | Bought a potion of curing for 33 gold pieces
110935 | Vaults:2 | Bought a potion of cancellation for 88 gold pieces
110935 | Vaults:2 | Bought a potion of enlightenment for 55 gold pieces
110935 | Vaults:2 | Bought a potion of might for 44 gold pieces
111152 | Elf:1    | Bought a potion of curing for 39 gold pieces
111152 | Elf:1    | Bought a potion of haste for 130 gold pieces
111152 | Elf:1    | Bought a potion of heal wounds for 65 gold pieces
111152 | Elf:1    | Bought a potion of resistance for 130 gold pieces
111152 | Elf:1    | Bought a potion of brilliance for 52 gold pieces
111193 | Elf:1    | Bought a potion of haste for 130 gold pieces
111193 | Elf:1    | Bought a potion of invisibility for 104 gold pieces
111193 | Elf:1    | Bought a potion of heal wounds for 65 gold pieces
111193 | Elf:1    | Bought a potion of curing for 39 gold pieces
111277 | Elf:3    | Bought a potion of haste for 200 gold pieces
111277 | Elf:3    | Bought a potion of heal wounds for 100 gold pieces
111277 | Elf:3    | Bought a potion of haste for 200 gold pieces
111277 | Elf:3    | Bought a potion of resistance for 200 gold pieces
111397 | D:14     | Bought a scroll of revelation for 105 gold pieces
111515 | Depths:4 | Voluntarily entered the Abyss.
111586 | Abyss:1  | Paralysed by accursed screaming for 1 turns
111590 | Abyss:1  | Found a corrupted altar of Lugonu.
111661 | Abyss:1  | Found a corrupted altar of Lugonu.
111706 | Abyss:1  | Found a corrupted altar of Lugonu.
111714 | Abyss:1  | Found a corrupted altar of Lugonu.
111972 | Abyss:1  | Found a corrupted altar of Lugonu.
111976 | Abyss:1  | Found a corrupted altar of Lugonu.
111976 | Abyss:1  | Found a corrupted altar of Lugonu.
112496 | Abyss:1  | Found a corrupted altar of Lugonu.
112594 | Abyss:1  | Reached XP level 25. HP: 158/159 MP: 39/39
112720 | Depths:4 | Escaped the Abyss
112779 | Depths:4 | Voluntarily entered the Abyss.
112779 | Abyss:1  | Found a corrupted altar of Lugonu.
113146 | Abyss:2  | Found a corrupted altar of Lugonu.
113265 | Depths:4 | Escaped the Abyss
113401 | Depths:4 | Voluntarily entered the Abyss.
113401 | Abyss:2  | Found a corrupted altar of Lugonu.
113420 | Abyss:2  | Found a corrupted altar of Lugonu.
113457 | Abyss:2  | Noticed a dread lich
113523 | Depths:4 | Escaped the Abyss
113535 | Depths:4 | Voluntarily entered the Abyss.
113535 | Abyss:2  | Found a corrupted altar of Lugonu.
113744 | Abyss:2  | Found a corrupted altar of Lugonu.
113977 | Depths:4 | Escaped the Abyss
114050 | Depths:4 | Voluntarily entered the Abyss.
114064 | Abyss:2  | Found a corrupted altar of Lugonu.
114500 | Abyss:3  | Found a corrupted altar of Lugonu.
114545 | Depths:4 | Escaped the Abyss
114704 | Depths:4 | Voluntarily entered the Abyss.
114777 | Depths:4 | Escaped the Abyss
114865 | Depths:4 | Voluntarily entered the Abyss.
114865 | Abyss:3  | Found a corrupted altar of Lugonu.
115109 | Abyss:3  | Gained mutation: You are frail. (-10% HP) [a cacodemon]
115143 | Abyss:4  | Found a corrupted altar of Lugonu.
115374 | Abyss:4  | Got an abyssal rune of Zot
115704 | Abyss:4  | Paralysed by accursed screaming for 1 turns
115710 | Abyss:4  | Paralysed by accursed screaming for 2 turns
115753 | Abyss:4  | Found a corrupted altar of Lugonu.
115793 | Abyss:4  | Found a corrupted altar of Lugonu.
115836 | Depths:4 | Escaped the Abyss
115902 | Zot:1    | Entered Level 1 of the Realm of Zot
116937 | Zot:1    | Reached skill level 15 in Summonings
117477 | Zot:1    | Identified the amulet "Goseuma" {RegenMP rC+ Int+2}
117618 | Zot:2    | Reached skill level 10 in Staves
118110 | Vaults:3 | Bought a scroll of revelation for 150 gold pieces
118110 | Vaults:3 | Bought a scroll of revelation for 150 gold pieces
118110 | Vaults:3 | Bought a scroll of fog for 80 gold pieces
120767 | Zot:2    | Reached XP level 26. HP: 151/151 MP: 25/40
123286 | Zot:2    | Noticed an ancient lich
123508 | Zot:2    | Killed an ancient lich
123600 | Zot:2    | Found a stormy altar of Qazlal.
125853 | Zot:4    | Identified the ring of Yrhof {Ice rPois Str-4 Dex+3 SInv}
125853 | Zot:4    | Noticed Josephina
126023 | Zot:3    | Killed Josephina
126915 | Zot:4    | Noticed an orb of fire
127134 | Zot:4    | Gained mutation: You are clumsy. (Dex -2) [an orb of fire]
127150 | Zot:4    | Gained mutation: You sometimes lose your temper in combat.
                  | [an orb of fire]
127150 | Zot:4    | Killed an orb of fire
127152 | Zot:4    | Lost mutation: You are clumsy. (Dex -2) [potion of
                  | mutation]
127152 | Zot:4    | Lost mutation: You sometimes lose your temper in combat.
                  | [potion of mutation]
127152 | Zot:4    | Gained mutation: You occasionally shout uncontrollably at
                  | your foes. [potion of mutation]
127152 | Zot:4    | Gained mutation: Your mind is acute. (Int +4, Str/Dex -1)
                  | [potion of mutation]
128031 | Zot:4    | Noticed Vv
128048 | Zot:5    | Entered Level 5 of the Realm of Zot
128389 | Zot:5    | Found a transporter.
128395 | Zot:5    | Found a transporter.
128396 | Zot:5    | Found a transporter.
128451 | Zot:5    | Reached skill level 21 in Invocations
128752 | Zot:5    | Found a transporter.
129054 | Zot:5    | Learned a level 8 spell: Maxwell's Capacitive Coupling
129318 | Zot:5    | Noticed an orb of fire
129459 | Zot:5    | Gained mutation: Your health recovers twice as slowly from
                  | being drained. [an orb of fire]
129462 | Zot:5    | Gained mutation: You sometimes lose your temper in combat.
                  | [an orb of fire]
129467 | Zot:5    | Killed an orb of fire
129869 | Zot:5    | Noticed an ancient lich
129905 | Zot:5    | Killed an ancient lich
130102 | Zot:5    | Noticed a Killer Klown
130102 | Zot:5    | Noticed a Killer Klown
130110 | Zot:5    | Killed a Killer Klown
130116 | Zot:5    | Killed a Killer Klown
130117 | Zot:5    | Reached XP level 27. HP: 155/155 MP: 13/41
130910 | Zot:5    | Noticed an ancient lich
130977 | Zot:5    | Killed an ancient lich
131175 | Zot:5    | Got the Orb of Zot
131440 | Depths:3 | Reached skill level 15 in Air Magic
131925 | D:$      | Escaped with the Orb!

Illustrated notes

Levels and vault maps discovered:
D:1:      dpeg_arrival_renting, layout_basic, dilly_ecumenical_altar_fadedgnrine
D:2:      layout_loops_ring, roderic_serpentine_path, corner_web_ring,
          uniq_robin, uniq_crazy_yiuf_cottage, uniq_terence
D:3:      layout_loops_cross, small_statue_intersection,
          chequers_serial_rivers_micro_d
D:4:      cheibrodos_thug_alley, layout_rooms, minmay_temple_entry_nine_rooms
D:5:      minmay_diamond_boxcup, layout_rooms, nicolae_ossuary_entry_catacombs,
          cheibrodos_sewer_entry_bend
D:6:      layout_gridville, serial_shops, nicolae_shop_advertising_works
          [nicolae_subvault_shop_adworks], minmay_increasing_density,
          uniq_sigmund, uniq_pikel
D:7:      layout_layer_cave, lemuel_doored_altar
D:8:      layout_rooms, minmay_lair_entry_grove, ebering_ghost_funeral_grove,
          uniq_prince_ribbit1
D:9:      layout_rooms, mainiacjoe_overflow_swirl, serial_bayou_crossing
D:10:     lemuel_ice_statue, layout_rooms, minmay_misc_feat_ornament
D:11:     layout_rooms, orc_0_dummy
D:12:     minmay_the_grid_four_pointed_star_mashed
          [minmay_the_grid_triangle_9x9_from_above,
          minmay_the_grid_triangle_9x9_empty,
          minmay_the_grid_triangle_9x9_sprig,
          minmay_the_grid_triangle_9x9_limited_checkers,
          minmay_the_grid_prize_inner_circle], layout_loops_ring,
          grunt_dithmenos_shadows
D:13:     layout_basic, disabler_island
D:14:     layout_long_grid, david_vaults_4, serial_shops, shop_statue,
          serial_demonic, serial_demonic_f, serial_demonic_e, serial_demonic_b,
          serial_demonic_c, minmay_misc_feat_encased
D:15:     gammafunk_enter_depths_forms, layout_loops_ring, serial_park_gazebo
          [serial_park_minivault_5x5_1]
Temple:   hellmonk_temple_divided_pantheon
Lair:1:   layout_regular_city, hellmonk_ghost_happy_afterlife,
          grunt_megastairs_3
Lair:2:   layout_roguey, minmay_snake_entry_six_corridors, lemuel_centaur_altar,
          serial_bayou_shore_a, uniq_nergalle
Lair:3:   layout_cave_pods, elwin_shoals_entry_rooms,
          infiniplex_staircase_pool_2, serial_bayou_shore_b, grunt_megastairs_2
Lair:4:   layout_layer_cave, dpeg_slime_entry_enclosed, serial_bayou_shore_b
Lair:5:   guppyfry_lair_end_dragon, layout_regular_city
Shoals:1: nicolae_shoals_mermall, layout_shoals, lightli_airlock
Shoals:2: layout_shoals, nicolae_shoals_hidden_pirate_stash
Shoals:3: layout_shoals, nicolae_shoals_siren_and_animal_friends
Shoals:4: shoals_end_hellmonk_storm_palace [storm_palace_center_square,
          storm_palace_corner_blocked, storm_palace_corner_altar,
          storm_palace_corner_reverse_hut, storm_palace_corner_narrow],
          serial_shops
Snake:1:  layout_onion_interference, serial_shops, nicolae_square_shop,
          statue_in_the_mist_lemuel, drop_trap, uniq_rupert, uniq_aizul,
          uniq_agnes
Snake:2:  layout_onion, grunt_megastairs_4, uniq_vashnia
Snake:3:  nicolae_snake_hallway, layout_onion_interference, serial_shops, shop,
          grunt_ministairs_15
Snake:4:  grunt_snake_rune_serpentine_throne, layout_cave_town, uniq_bai_suzhen
Orc:1:    layout_diamond_mine, uniq_erolcha, uniq_erica
Orc:2:    grunt_orc_community_town_hall, layout_diamond_mine,
          grunt_orc_community_big_house_1, grunt_orc_community_big_house_2,
          grunt_orc_community_house_2, grunt_orc_community_house_1,
          grunt_orc_community_house_3, grunt_orc_community_house_2,
          grunt_orc_community_house_2, grunt_orc_community_house_2,
          portal_ice_cave_entry_ice_simulacra, uniq_jorgrun, uniq_maurice,
          uniq_azrael
Elf:1:    nicolae_elf_arrival_dilemma, layout_geoelf_grid, serial_shops,
          nicolae_square_shop, shop, nicolae_shop_tiny_glass,
          minmay_elf_demonology
Elf:2:    elven_hall_of_blades_hangedman_alternative [nicolae_blade_tridents],
          layout_loops_ring, serial_shops, nicolae_shop_gibbet_a_chance,
          nicolae_letterblocks [nicolae_letter_subblock,
          nicolae_letter_subblock, nicolae_letter_subblock,
          nicolae_letter_subblock, nicolae_letter_subblock,
          nicolae_letter_subblock, nicolae_letter_subblock,
          nicolae_letter_subblock, nicolae_letter_subblock,
          nicolae_letter_subblock, nicolae_letter_subblock,
          nicolae_letter_subblock, nicolae_letter_subblock,
          nicolae_letter_subblock, nicolae_letter_subblock,
          nicolae_letter_subblock, nicolae_letter_subblock,
          nicolae_letter_subblock, nicolae_letter_subblock,
          nicolae_letter_subblock, nicolae_letter_subblock,
          nicolae_letter_subblock, nicolae_letter_subblock,
          nicolae_letter_subblock, nicolae_letter_subblock]
Elf:3:    elf_hall, layout_loops_corners, minmay_shoptagon, uniq_mara
Vaults:1: v_alt_pattern_3, v_alt_pattern_1, v_misc_23,
          nicolae_vaults_tetromino_L_1, v_misc_11, vaults_room_stairs_pillars,
          nicolae_vaults_shelves_hall, v_misc_23, hangedman_vaults_river_flow,
          nicolae_vaults_security_offices_4, nicolae_vaults_little_squares_3,
          hangedman_vaults_pinch, hangedman_vaults_restitches,
          ontoclasm_vaults_loading_screen, hangedman_vaults_trim,
          vaults_room_door_ring, layout_vaults_omnicross, uniq_nikola
Vaults:2: portal_desolation_entry_holy_temple, nicolae_vaults_network_periphery,
          minmay_crypt_entry_simple_sparse, nicolae_vaults_trapezoid_lopsided_1,
          nicolae_vaults_trapezoid_4, v_rooms_3, hangedman_vaults_capsules,
          vaults_room_grid, nicolae_vaults_triangles,
          nicolae_vaults_mini_display_case, serial_ice_b, v_misc_9,
          nicolae_vaults_storage_room_glass, nicolae_vaults_little_ls,
          grunt_vaults_focal, nicolae_vaults_house_1, layout_vaults_ring,
          serial_shops, nicolae_shop_peninsula
Vaults:3: hangedman_vaults_nodes, nicolae_vaults_disjoint_gnomons,
          nicolae_vaults_meiosis, nicolae_vaults_lightning_bolt,
          nicolae_vaults_shock_wave, vaults_room_fours, ontoclasm_vaults_hangar,
          nicolae_vaults_tetromino_Z_2, grunt_vaults_hallway_short,
          nicolae_vaults_network_square, layout_vaults_omnigrid, serial_shops,
          shop
Vaults:4: nicolae_vaults_heist, grunt_vaults_swirl,
          nicolae_vaults_trapezoid_lopsided_3,
          nicolae_vaults_security_offices_2, nicolae_vaults_six-pack,
          nicolae_vaults_closet_pinwheel_2, nicolae_vaults_three_branches,
          nicolae_vaults_trapezoid_lopsided_1, nicolae_vaults_big_angled_halls,
          v_misc_12, vaults_room_hallway, nicolae_vaults_diamond_2,
          ontoclasm_vaults_ligature, layout_vaults_omnibox, serial_shops,
          nicolae_shop_real_fake_doors, nicolae_shop_tiny_waterfront, shop
Depths:1: layout_basic, ashenzari_conservatory_becter, grunt_pan_entry_sceptre,
          minmay_room_of_horrors, pf_dread_powers_of_hell, nzn_life_drinkers,
          minmay_shop_grove
Depths:2: minmay_box_of_statues, layout_gridlike, serial_rivers,
          chequers_serial_rivers_micro_e, chequers_serial_rivers_large_a,
          chequers_serial_rivers_micro_a, chequers_serial_rivers_micro_d,
          chequers_serial_rivers_small_b, chequers_serial_rivers_micro_a,
          grunt_hell_horde, pan_entry
Depths:3: nicolae_cairo_tiling_very_big, layout_cave_shapes,
          grunt_hell_entry_dis_mu, abyss_entry, serial_bayou_shore_b,
          nicolae_custom_books, minmay_misc_feat_secret_circle, uniq_grunn
Depths:4: evilmike_zot_entry_round, layout_cave_pools, enter_ziggurat_d,
          serial_shops, shop, abyss_entry, hellmouth_1, serial_bayou_pond_d
Zot:1:    layout_misc_corridors, regret_index_zotdec_banners, grunt_megastairs_1
Zot:2:    regret_index_qazlal_generations, layout_basic,
          regret_index_zotdec_split_disrupt, kennysheep_underground_church
Zot:3:    layout_onion, st_small_dragon_hoard_1, regret_index_zotdec_bone_old
Zot:4:    layout_basic, uniq_vv, uniq_josephina
Zot:5:    layout_basic, nicolae_transporter_circle

Skill      XL: |  1  2  3  4  5  6  7  8  9 10 11 12 13 14 15 16 17 18 19 20 21 22 23 24 25 26 27 |
---------------+----------------------------------------------------------------------------------+-----
Air Magic      | 1 2 3 4 7 10 11 12 13 14 15 | 15.0
Invocations    | 1 2 3 4 6 7 8 9 10 11 12 14 15 16 17 18 19 20 21 | 21.3
Conjurations   | 2 4 5 7 8 9 10 11 12 13 14 15 16 17 | 17.0
Fighting       | 1 2 3 5 |  5.0
Spellcasting   | 3 4 5 6 7 8 9 10 11 12 13 14 | 14.0
Alchemy        | 4 5 6 7 8 9 10 11 | 11.0
Dodging        | 3 5 |  5.8
Earth Magic    | 2 5 7 8 9 10 11 12 13 | 13.0
Evocations     | 2 4 5 6 7 8 10 11 12 13 | 13.3
Armour         | 1 4 |  4.6
Stealth        | 3 5 |  5.0
Shields        | 7 11 13 14 15 16 17 18 19 20 | 20.0
Staves         | 3 4 6 7 9 10 11 | 11.8
Translocations | 3 4 6 |  6.0
Summonings     | 3 7 9 11 12 14 15 16 17 | 17.1

Action                     |  1- 3 |  4- 6 |  7- 9 | 10-12 | 13-15 | 16-18 | 19-21 | 22-24 | 25-27 || total
---------------------------+-------+-------+-------+-------+-------+-------+-------+-------+-------++-------
  Melee: Dagger            |    15 |    25 |       |       |       |       |       |       |       ||    40
         Whip              |       |    36 |   173 |    46 |       |       |       |       |       ||   255
         Punch             |       |     1 |     2 |     2 |     1 |       |       |       |       ||     6
         Staff             |       |       |       |    42 |   270 |   271 |   564 |  1071 |   799 ||  3017
  Throw: Dart              |       |       |     2 |       |       |       |       |       |       ||     2
   Cast: Sting             |    39 |    92 |    69 |    30 |    29 |     6 |       |       |       ||   265
         Mercury Vapours   |     7 |    57 |    50 |    19 |    47 |    35 |       |       |       ||   215
         Olgreb's Toxic Ra |       |       |    28 |    92 |   281 |   318 |   386 |   384 |   110 ||  1599
         Stone Arrow       |       |       |       |   158 |   265 |   852 |   794 |   152 |   100 ||  2321
         Lee's Rapid Decon |       |       |       |     3 |    56 |    19 |       |       |       ||    78
         Bombard           |       |       |       |       |       |    22 |    68 |   238 |   360 ||   688
         Mephitic Cloud    |       |       |       |       |       |     1 |     1 |       |     2 ||     4
         Brom's Barrelling |       |       |       |       |       |     7 |     2 |       |       ||     9
         Airstrike         |       |       |       |       |       |       |    31 |       |    81 ||   112
         Arcjolt           |       |       |       |       |       |       |       |    32 |   176 ||   208
         Conjure Ball Ligh |       |       |       |       |       |       |       |    25 |    12 ||    37
         Spellforged Servi |       |       |       |       |       |       |       |     2 |    38 ||    40
         Apportation       |       |       |       |       |       |       |       |       |     1 ||     1
 Invoke: Heal Other        |       |       |     3 |     2 |    12 |    16 |    23 |     1 |     9 ||    66
         Heal Self         |       |       |       |     1 |     6 |     5 |     3 |       |       ||    15
         Divine Vigour     |       |       |       |       |     2 |     2 |       |       |     3 ||     7
         Purification      |       |       |       |       |       |       |     1 |       |       ||     1
  Evoke: Wand              |       |       |     5 |       |     3 |    16 |    48 |     6 |    33 ||   111
         Condenser vane    |       |       |       |       |     2 |     1 |     1 |       |     1 ||     5
         Lightning rod     |       |       |       |       |       |     5 |    12 |       |     4 ||    21
         Sack of spiders   |       |       |       |       |       |       |     2 |       |     1 ||     3
         Phial of floods   |       |       |       |       |       |       |     1 |       |     1 ||     2
         Phantom mirror    |       |       |       |       |       |       |     1 |       |     1 ||     2
    Use: Scroll            |       |     3 |       |     7 |    12 |    22 |    19 |    10 |    17 ||    90
         Potion            |       |       |       |     1 |     1 |     7 |     4 |       |    23 ||    36
   Stab: Sleeping          |       |     3 |     1 |       |       |       |       |       |       ||     4
         Distracted        |       |       |       |       |       |       |     3 |     1 |     4 ||     8
         Confused          |       |       |       |       |       |       |     1 |       |     1 ||     2
         Petrified         |       |       |       |       |       |       |       |       |     2 ||     2
 Armour: Robe              |    31 |    89 |   153 |    80 |       |       |       |       |       ||   353
         Troll leather arm |       |       |       |    90 |   358 |   555 |   848 |   709 |   785 ||  3345
         Skin              |       |       |       |       |       |     3 |       |       |       ||     3
  Dodge: Dodged            |    19 |    84 |   136 |   138 |   233 |   233 |   378 |   345 |   363 ||  1929
  Block: Other             |       |       |    49 |    60 |    25 |       |       |       |       ||   134
         Reflection        |       |       |       |     8 |    41 |   150 |   110 |    86 |    13 ||   408
         Kite shield       |       |       |       |       |   364 |  1094 |  1754 |  1626 |  1466 ||  6304
